 Dungeon Crawl Stone Soup version 0.27.1-34-g3ba077fa99 (webtiles) character file.

Game seed: 7352971383067161033

5 comborobin the Sneak (level 1, -1/17 HPs)
             Began as a Vampire Delver on Jan 8, 2022.
             Slain by an orc (7 damage)
             ... on level 3 of the Dungeon.
             The game lasted 00:00:23 (68 turns).

comborobin the Sneak (Vampire Delver)                 Turns: 68, Time: 00:00:23

Health: -1/17      AC: 10    Str: 11    XL:     1   Next: 66%
Magic:  1/1        EV: 12    Int: 12    God:
Gold:   0          SH:  0    Dex: 15    Spells: 0/0 levels left

rFire    . . .     SeeInvis +   g - +2 long sword (protect)
rCold    . . .     Faith    .   (no shield)
rNeg     . . .     Spirit   .   a - +0 leather armour
rPois    .         Reflect  .   (no helmet)
rElec    .         Harm     .   (no cloak)
rCorr    .         Rampage  .   (no gloves)
Will     .....                  (no boots)
Stlth    +++.......             (no amulet)
HPRegen  0.25/turn              (no ring)
MPRegen  0.07/turn              (no ring)

@: under a protective aura, healing quickly, hasted, very quick
A: alive, fangs 3, see invisible, vampiric 1
a: Exsanguinate


You were on level 3 of the Dungeon.
You visited 1 branch of the dungeon, and saw 3 of its levels.

Inventory:

Hand Weapons
 g - a +2 long sword of protection (weapon)
Armour
 a - a +0 leather armour (worn)
Wands
 f - a wand of digging (3)
Scrolls
 b - a scroll of fog
 c - a scroll of magic mapping
 d - a scroll of fear


   Skills:
 - Level 2.6 Fighting
 + Level 1.3 Long Blades
 - Level 2.1 Dodging
 - Level 7.2 Stealth
 - Level 2.1 Unarmed Combat


You couldn't memorise any spells.
You didn't know any spells.
Your spell library was empty.

Dungeon Overview and Level Annotations

Branches:
Dungeon (5/15)
 Temple: D:4-7

Altars:


Innate Abilities, Weirdness & Mutations

Your natural rate of healing is accelerated.
You have razor-sharp teeth.
You have supernaturally acute eyesight. (SInv)
You are afflicted with vampirism.


Message History

The hobgoblin shouts!
The worm bites you.
* * * LOW HITPOINT WARNING * * *
You barely miss the worm.
The worm is moderately wounded.
An orc comes into view.
It is wielding a +0 flail of protection.
The worm bites you but does no damage.
Unknown command.
The orc shouts!
You hit the worm.
The worm is moderately wounded.
Unknown command.
You hit the worm. You bite the worm.
The worm is almost dead.
The worm closely misses you.
Unknown command.
You hit the worm.
You kill the worm!
Your Long Blades skill increases to level 1!
Unknown command.
The hobgoblin closely misses you.
You riposte.
You slash the hobgoblin!
You kill the hobgoblin!
The rat closely misses you.
You riposte.
You slash the rat!
You kill the rat!
You see here a worm corpse.
Unknown command.
You are too injured to fight recklessly!
You hit the orc.
The orc is severely wounded.
The orc closely misses you.
You riposte.
Your leather armour prevents you from hitting the orc.
The orc is severely wounded.
Press: ? - help, v - describe, . - travel
Here: an orc, wielding a +0 flail of protection (severely wounded)
The floor.
Unknown command.
You closely miss the orc.
The orc is severely wounded.
The orc hits you with a +0 flail of protection!
You die...

#§§≈.≈≈≈≈≈.≈
#..≈..§§... .
#..≈≈≈≈≈§≈≈≈.
#)....§§§....
#.#.....#....
#............
#............
#....@o......
#.....†......
#............
#..>.........
#............
##...........
##.....#....
###########


You could see an orc.

Vanquished Creatures
  A worm (D:3)
  A hobgoblin (D:3)
  A rat (D:3)
3 creatures vanquished.

Notes
Turn   | Place    | Note
-------+----------+-------------------------------------------
     0 | D:5      | comborobin the Vampire Delver began the quest for the Orb.
     0 | D:5      | Reached XP level 1. HP: 17/17 MP: 1/1
    10 | D:5      | Noticed a sky beast
    20 | D:4      | Noticed an ogre
    25 | D:4      | Noticed a jelly
    64 | D:3      | Reached skill level 1 in Long Blades
    68 | D:3      | Slain by an orc

Illustrated notes

Levels and vault maps discovered:
D:3:      layout_rooms, kennysheep_vampire_church, mainiacjoe_overflow_chevrons,
          mainiacjoe_overflow_concentric_impassable, marbit_many_paths
D:4:      wander_river, layout_basic, minmay_temple_entry_offerings,
          uniq_duvessa
D:5:      layout_layer_cave, worldfamousw_hep_ancestral_shrine,
          hangedman_abyss_or_decor_jellyfish_corner, uniq_edmund

Skill      XL: |  1 |
---------------+----+-----
Long Blades    | 1 |  1.3
Fighting       | |  2.6
Dodging        | |  2.1
Stealth        | |  7.2
Unarmed Combat | |  2.1

Action                   || total
-------------------------++-------
Melee: Long sword        ||    10
       Bite              ||     1
  Use: Potion            ||     1
 Stab: Sleeping          ||     1
Armor: Leather armour    ||     2
Dodge: Dodged            ||     7
       Rpst.: Long sword ||     4
